 Dungeon Crawl Stone Soup version 0.30.1-11-g7821555f0a (webtiles) character file.

Game seed: 9755008339491157286

14 Jerry the Ruffian (level 2, 28/28 HPs)
             Began as a Troll Gladiator on Dec 8, 2023.
             Was an Initiate of Gozag.
             Quit the game on level 1 of the Dungeon.
             The game lasted 00:01:47 (728 turns).

Jerry the Ruffian (Troll Gladiator)                  Turns: 728, Time: 00:01:47

Health: 28/28      AC:  4    Str: 21    XL:     2   Next: 27%
Magic:  1/1        EV: 10    Int:  4    God:    Gozag
Gold:   73         SH:  0    Dex: 17    Spells: 1/1 levels left

rFire   . .          .
                       - Unarmed
rCold   . . .        (no shield)
rNeg    . . .        a - +0 robe
rPois   .            b - +0 hat
rElec   .            (no cloak)
rCorr   .            (gloves unavailable)
SInv    .            (boots unavailable)
Will    .....        (no amulet)
Stlth   ++           i - +6 ring of dexterity
HPRegen 1.04/turn    (no ring)
MPRegen 0.07/turn

%: no passive effects
@: no status effects
A: large, unfitting armour, claws 3, regeneration 1, shaggy fur 1, tough skin 1
a: Renounce Religion, Potion Petition, Call Merchant, Bribe Branch


You were on level 1 of the Dungeon.
You worshipped Gozag.
Gozag was noncommittal.
You visited 1 branch of the dungeon, and saw 1 of its levels.

You collected 73 gold pieces.

Inventory:

Missiles
 c - 3 throwing nets (quivered)
 d - a large rock
Armour
 a - a +0 robe (worn)
 b - a +0 hat (worn)
Jewellery
 i - a +6 ring of dexterity (left claw)
Scrolls
 f - 2 scrolls of identify {unknown}
 g - a scroll of amnesia {unknown}
 j - a scroll of poison {unknown}
Potions
 e - a potion of degeneration {unknown}
 h - 2 potions of magic {unknown}
 k - a potion of curing {unknown}
 l - 2 potions of lignification {unknown}


   Skills:
 + Level 1.8 Fighting
 + Level 2.0 Throwing
 + Level 2.6 Dodging
 + Level 3.2 Unarmed Combat


You had one spell level left.
You didn't know any spells.
Your spell library contained the following spells:

 Spells                   Type           Power      Damage    Failure   Level
 Magic Dart               Conj           0%         1d3       50%         1
 Summon Small Mammal      Summ           0%         N/A       50%         1
 Searing Ray              Conj           0%         2d4       65%         2
 Call Canine Familiar     Summ           0%         N/A       86%         3
 Summon Guardian Golem    Hex/Summ       0%         N/A       86%         3
 Fulminant Prism          Conj/Hex       0%         3d5       99%         4


Dungeon Overview and Level Annotations

Branches:
Dungeon (1/15)

Altars:
Gozag

Shops:
D:1 [


Innate Abilities, Weirdness & Mutations

You are too large for most types of armour.
You have claws for hands.
Your natural rate of healing is unusually fast.
You are covered in fur. (AC +1)
You have tough skin. (AC +1)


Message History

Things that are here:
a +0 whip; 5 stones; a kobold corpse You now have 61 gold pieces (gained 11).
Things that are here:
a +0 whip; 5 stones; a kobold corpse You see here a bat corpse.
j - a scroll labelled EPEOMM MIPHE You open the door.
There is an open door here.
k - a coppery potion You open the door.
There is an open door here.
You open the door.
There is an open door here.
You open the door.
There is an open door here.
l - 2 white potions You open the door.
There is an open door here.
As you open the door, it creaks loudly!
Found a faded altar of an unknown god.
There is an open door here.
There is a faded altar of an unknown god here.
This altar belongs to (a) Gozag, (b) Jiyva or (c) Ignis, but you can't tell which.
Press the corresponding letter to learn more about a god, or press enter to convert or escape to cancel.
Gozag accepts your prayer! Gozag welcomes you!
Gozag waives the service fee.
There is an open door here.
You open the door.
Found a robe.
You open the door.
There is an open door here.
You now have 73 gold pieces (gained 12).
You open the door.
There is an open door here.
Done exploring.
Done exploring.
Done exploring.
Search for what [? for help]? .
Are you sure you want to abandon this character and quit the game? (Confirm with "yes".)

### ..# #.# #.# #.#
#.# ###### #.#
#########...@# #.#
#.........##.#
..###.##########.##
..................#
......#############
...#..# ......#
###...# ......#


There were no monsters in sight!

Vanquished Creatures
  2 goblins (D:1)
  A hobgoblin (D:1)
  2 kobolds (D:1)
  A quokka (D:1)
  3 ball pythons (D:1)
  A bat (D:1)
  3 rats (D:1)
13 creatures vanquished.

Notes
Turn   | Place    | Note
-------+----------+-------------------------------------------
     0 | D:1      | Jerry the Troll Gladiator began the quest for the Orb.
     0 | D:1      | Reached XP level 1. HP: 19/19 MP: 0/0
   237 | D:1      | Reached XP level 2. HP: 28/28 MP: 1/1
   266 | D:1      | Found Apresu's Antique Armour Boutique.
   549 | D:1      | Found a faded altar of an unknown god.
   552 | D:1      | Prayed at the altar of an unknown god.
   552 | D:1      | Became a worshipper of Gozag Ym Sagoz the Greedy
   728 | D:1      | Quit the game

Illustrated notes

Levels and vault maps discovered:
D:1:      nicolae_arrival_washed_ashore, layout_basic,
          shapermc_ecumenical_altar_mp_vishouse, serial_shops, shop

Skill      XL: |  1 |
---------------+----+-----
Throwing       | 2 |  2.0
Fighting       | |  1.8
Dodging        | |  2.6
Unarmed Combat | |  3.2

Action                     || total
---------------------------++-------
  Melee: Unarmed           ||    32
 Armour: Robe              ||     7
  Dodge: Dodged            ||    16
